 Dungeon Crawl Stone Soup version 0.25-a0-890-g62861fb195 (webtiles) character file.

Game seed: 17377192925129427524, levelgen mode: deterministic

656 mortelune the Archer (level 7, 0/57 HPs)
             Began as a Centaur Hunter on May 2, 2020.
             Slain by a steam dragon (3 damage)
             ... on level 5 of the Dungeon.
             The game lasted 00:09:01 (5034 turns).

mortelune the Archer (Centaur Hunter)               Turns: 5034, Time: 00:09:02

Health: 0/57       AC:  4    Str: 16    XL:     7   Next: 29%
Magic:  7/7        EV:  9    Int: 10    God:
Gold:   206        SH:  0    Dex: 10    Spells: 6/6 levels left

rFire    . . .     SeeInvis .   a - +1 shortbow
rCold    . . .     Gourm    .   (shield currently unavailable)
rNeg     . . .     Faith    .   c - +0 leather armour
rPois    +         Spirit   .   (no helmet)
rElec    .         Reflect  .   (no cloak)
rCorr    .         Harm     .   (no gloves)
MR       .....                  (no barding)
Stlth    +.........             j - amulet of rage
HPRegen  0.19/turn              P - ring of poison resistance
MPRegen  0.10/turn              (no ring)

@: very quick
A: large, hooves 3, deformed body, speed 2, tough skin 3
a: Evoke Berserk Rage


You were on level 5 of the Dungeon.
You were not hungry.

You visited 1 branch of the dungeon, and saw 5 of its levels.

You collected 206 gold pieces.

Inventory:

Hand Weapons
 a - a +1 shortbow (weapon)
 b - a +0 spear
 l - a +0 short sword
Missiles
 m - 10 curare-tipped darts
 t - 20 poisoned darts
 Q - 61 arrows (quivered)
Armour
 c - a +0 leather armour (worn)
 d - a +0 chain mail
Jewellery
 j - an amulet of rage (around neck)
 P - a ring of poison resistance (left hand)
Scrolls
 e - 2 scrolls of remove curse {unknown}
 i - a scroll of identify
 q - a scroll of teleportation {unknown}
 r - 4 scrolls of amnesia {unknown}
 s - a scroll of enchant weapon {unknown}
 v - a scroll of blinking {unknown}
 w - a scroll of immolation {unknown}
Potions
 g - a potion of heal wounds {unknown}
 h - 2 potions of degeneration {unknown}
 k - a potion of magic {unknown}
 n - a potion of brilliance {unknown}
 o - a potion of curing
 u - 3 potions of flight {unknown}
Comestibles
 p - 5 rations


   Skills:
 + Level 3.1 Fighting
 + Level 4.5 Polearms
 + Level 8.9 Bows
 - Level 1.3 Dodging
 - Level 0.4 Stealth


You had 6 spell levels left.
You didn't know any spells.
Your spell library was empty.

Dungeon Overview and Level Annotations

Branches:
Dungeon (4/15)
 Temple: D:4-7

Altars:
Hepliaklqana
Wu Jian

Annotations:
D:4 Ijyb, Pikel, Robin


Innate Abilities, Weirdness & Mutations

You have hooves in place of feet.
Armour fits poorly on your strangely shaped body.
You cover ground very quickly.
You have extremely tough skin. (AC +3)


Message History

The steam dragon claws you.
* * * LOW HITPOINT WARNING * * *
You feel better. The steam dragon barely misses you.
The steam dragon claws you but does no damage.
Firing (i - inventory. (/) - cycle)
Q - 62 arrows (quivered)
Press: ? - help, Shift-Dir - straight line, f/p - steam dragon
Aim: a steam dragon (almost dead, catching its breath)
You shoot an arrow.
The arrow closely misses the steam dragon.
The steam dragon breathes steam at you. The ball of steam hits you!
* * * LOW HITPOINT WARNING * * *
You feel better. The steam dragon breathes steam at you.
The ball of steam hits you!
* * * LOW HITPOINT WARNING * * *
You feel better. The steam dragon bites you.
* * * LOW HITPOINT WARNING * * *
The steam dragon claws you.
You die...

#..........
#...#.....
###D#$....
#.# .### #.##
. ## #..# .#
#§###.# ##
#§§#.#...##
##§@D§....(..
#§####.......
### #......
....#. ......
..... #...#


You could see a steam dragon.

Vanquished Creatures
  2 ogres (D:4)
  2 big kobolds (D:4)
  A centaur zombie (D:4)
  An orc priest (D:3)
  2 orc wizards
  A worker ant (D:5)
  A hound skeleton (D:4)
  5 adders
  3 gnolls (D:4)
  An ooze (D:2)
  2 adder skeletons
  2 worms (D:3)
  2 dart slugs
  4 leopard geckos
  11 orcs
  11 bats
  2 giant cockroaches
  9 goblins
  6 hobgoblins
  7 jackals
  9 kobolds
  4 quokkas
  A frilled lizard (D:2)
  A quokka skeleton (D:4)
  8 rats
98 creatures vanquished.

Notes
Turn   | Place    | Note
-------+----------+-------------------------------------------
     0 | D:1      | mortelune the Centaur Hunter began the quest for the Orb.
     0 | D:1      | Reached XP level 1. HP: 17/17 MP: 1/1
   155 | D:1      | Reached XP level 2. HP: 22/25 MP: 2/2
   800 | D:2      | Reached skill level 6 in Bows
   934 | D:2      | Reached XP level 3. HP: 29/30 MP: 3/3
  1123 | D:2      | Reached skill level 1 in Polearms
  1316 | D:2      | Found an ornate altar of the Wu Jian Council.
  1493 | D:2      | Found a hazy altar of Hepliaklqana.
  2068 | D:3      | Reached XP level 4. HP: 36/37 MP: 4/4
  2523 | D:3      | Reached skill level 7 in Bows
  2523 | D:3      | Reached XP level 5. HP: 28/42 MP: 5/5
  3119 | D:4      | Noticed Pikel
  3119 | D:4      | Noticed a slave
  3119 | D:4      | Noticed a slave
  3119 | D:4      | Noticed a slave
  3119 | D:4      | Noticed an ogre
  3119 | D:4      | Noticed an ogre
  3121 | D:4      | Noticed a slave
  3388 | D:4      | Reached XP level 6. HP: 23/50 MP: 6/6
  3599 | D:4      | Reached skill level 8 in Bows
  4108 | D:4      | Reached XP level 7. HP: 56/56 MP: 7/7
  4200 | D:4      | Noticed Ijyb
  4232 | D:4      | Noticed Robin
  4935 | D:3      | You fall into a shaft and drop 2 floors!
  4935 | D:5      | Entered Level 5 of the Dungeon
  4935 | D:5      | Noticed a steam dragon
  5033 | D:5      | HP: 1/57 [steam dragon/ball of steam (9)]
  5034 | D:5      | Slain by a steam dragon

Levels and vault maps discovered:
D:1:      sevenhm_arrival_forest_fort_small_3, layout_basic,
          chequers_serial_rivers_micro_c
D:2:      layout_loops_ring, lemuel_crystal_altar, old_standard_altar
D:3:      layout_basic, first_ration
D:4:      cheibrodos_thug_alley, layout_rooms, uniq_pikel, uniq_robin, uniq_ijyb
D:5:      kennysheep_steamy, layout_layer_cave, gup_sewer_entry_spiral

Skill      XL: |  1  2  3  4  5  6  7 |
---------------+----------------------+-----
Bows           | 6 7 8 |  8.9
Polearms       | 1 2 3 4 |  4.5
Fighting       | 3 |  3.1
Dodging        | |  1.3
Stealth        | |  0.4

Action                   |  1- 3 |  4- 6 |  7- 9 || total
-------------------------+-------+-------+-------++-------
Melee: Spear             |    89 |    78 |   110 ||   277
       Short sword       |    14 |       |       ||    14
       Kick              |    15 |    15 |    19 ||    49
 Fire: Shortbow          |    24 |    84 |    15 ||   123
Throw: Dart              |       |     2 |       ||     2
  Use: Scroll            |       |     2 |     1 ||     3
       Potion            |       |       |     3 ||     3
  Eat: Chunk             |     2 |     6 |     3 ||    11
Armor: Leather armour    |    45 |    18 |    34 ||    97
Dodge: Dodged            |    57 |    33 |    49 ||   139

Table legend:
 A = Non-vault XP
 B = Vault XP
 C = Vault XP percentage of total XP
 D = Non-vault monster count
 E = Vault monster count
 F = Vault count percentage of total count
                 A         B        C        D         E       F
            +---------+---------+-------+---------+---------+-------
      Total |     729 |     209 |  22.3 |      88 |      10 |  10.2
            +---------+---------+-------+---------+---------+-------
        D:1 |      28 |       0 |   0.0 |      17 |       0 |   0.0
        D:2 |      63 |       0 |   0.0 |      19 |       0 |   0.0
        D:3 |     150 |       0 |   0.0 |      30 |       0 |   0.0
        D:4 |     445 |     209 |  32.0 |      18 |      10 |  35.7
        D:5 |      43 |       0 |   0.0 |       4 |       0 |   0.0
            +---------+---------+-------+---------+---------+-------
